 Dungeon Crawl Stone Soup version 0.29.0-4-gdea44cf6ec (webtiles) character file.

Game seed: 14556499515092666149

957 qw the Grappler (level 7, -1/67 HPs)
             Began as a Troll Cinder Acolyte on Aug 31, 2022.
             Was a High Priest of Ignis.
             Succumbed to Sigmund's poison
             ... on level 6 of the Dungeon.
             The game lasted 00:02:43 (4175 turns).

qw the Grappler (Troll Cinder Acolyte)              Turns: 4175, Time: 00:02:43

Health: -1/67      AC:  5    Str: 25    XL:     7   Next: 91%
Magic:  7/7        EV:  9    Int: 10    God:    Ignis [*****.]
Gold:   336        SH:  0    Dex:  5    Spells: 8/8 levels left

rFire   + . .      SeeInvis .     - Unarmed
rCold   . . .      Faith    .   (no shield)
rNeg    . . .      Spirit   .   e - +1 animal skin
rPois   .          Reflect  .   (helmet restricted)
rElec   .          Harm     .   (no cloak)
rCorr   .          Rampage  .   (gloves unavailable)
Will    .....                   (boots unavailable)
Stlth   +.........              (no amulet)
HPRegen 1.01/turn               (no ring)
MPRegen 0.10/turn               (no ring)

@: lethally poisoned (-1 -> -11)
A: large, unfitting armour, claws 3, regeneration 1, shaggy fur 1, tough skin 1
a: Renounce Religion, Fiery Armour, Foxfire Swarm, Rising Flame


You were on level 6 of the Dungeon.
You worshipped Ignis.
Ignis was extremely pleased with you.
You visited 1 branch of the dungeon, and saw 6 of its levels.

You collected 336 gold pieces.


Innate Abilities, Weirdness & Mutations

You are too large for most types of armour.
You have claws for hands.
Your natural rate of healing is unusually fast.
You are covered in fur. (AC +1)
You have tough skin. (AC +1)


   Skills:
 - Level 3.0 Fighting
 - Level 1.4 Throwing
 - Level 1.2 Dodging
 + Level 9.0 Unarmed Combat
 - Level 1.0 Spellcasting
 - Level 2.1 Fire Magic


You had 8 spell levels left.
You didn't know any spells.
Your spell library contained the following spells:

 Spells                   Type           Power      Damage    Failure   Level
 Scorch                   Fire           8%         2d5       22%         2

Inventory:

Armour
 e - a +1 animal skin (worn)
Jewellery
 f - a ring of ice
Scrolls
 b - 2 scrolls of identify
Potions
 d - a potion of resistance
 i - a potion of mutation

Dungeon Overview and Level Annotations

Branches:
Dungeon (6/15)             Temple (0/1) D:5

Altars:
Trog
Zin

Annotations:
D:4 1 runed translucent door, qw's ghost, amateur TrCA
D:6 Sigmund


Message History

You feel sick. Something hits you.
You swing at nothing.
You feel sick.
You swing at nothing.
You feel sick. Something hits you.
You are more poisoned.
You swing at nothing.
You feel very sick.
You swing at nothing.
You feel sick. Something hits you.
You swing at nothing.
You feel sick.
You swing at nothing.
You feel sick. Something hits you.
You swing at nothing.
You feel sick.
You swing at nothing.
You feel sick.
You hear some strange, mumbled words.
A puff of flame appears from out of thin air!
The puff of flame hits you. You resist.
You swing at nothing.
You feel sick. Something hits you!
You are lethally poisoned!
4170 ||| DRINKING 2 potions of curing.
You feel better.
4170 ||| (to cure poison)
Something hits you!
You are lethally poisoned!
4171 ||| DRINKING potion of curing.
You feel better.
4171 ||| (to cure poison)
You swing at nothing.
Something hits you!
You are poisoned.
You swing at nothing.
You feel very sick.
You swing at nothing.
You feel sick. Something hits you.
You are more poisoned.
You swing at nothing.
You die...

#.# #.#
##.########
#######..........
........[..######
######......((.
##..#.#####
####%..#.#
#.@....#.#
#.##%.##.# ({.
#...#.# ##..
......
........#.#
.......###.#
#.......# #
###...@.#


There were no monsters in sight!

Vanquished Creatures
  A sky beast (D:5)
  A phantom (D:5)
  2 necrophages (D:5)
  A scorpion (D:5)
  A howler monkey (D:5)
  4 hounds
  2 orc priests
  2 iguanas
  4 orc wizards
  Robin (D:4)
  4 adders
  A white imp (D:5)
  A worm (D:2)
  2 dart slugs (D:3)
  27 orcs
  10 ball pythons
  5 endoplasms
  3 giant cockroaches
  20 goblins
  5 hobgoblins
  9 jackals
  2 quokkas
  8 bats
  3 frilled lizards
  9 kobolds
  7 rats
135 creatures vanquished.

Vanquished Creatures (others)
  An orc wizard (D:4)
  9 plants (D:2)
10 creatures vanquished.

Grand Total: 145 creatures vanquished

Notes
Turn   | Place    | Note
-------+----------+-------------------------------------------
     0 | D:1      | qw the Troll Cinder Acolyte began the quest for the Orb.
     0 | D:1      | Reached XP level 1. HP: 22/22 MP: 1/1
     0 | D:1      | 0 ||| qw: Version: 0.1-a-97-g2dd2ca4
     0 | D:1      | 0 ||| qw: Game counter: 4558
     0 | D:1      | 0 ||| qw: Always use a shield: true
     0 | D:1      | 0 ||| qw: God list: Okawaru
     0 | D:1      | 0 ||| qw: Allow faded altars: false
     0 | D:1      | 0 ||| qw: Do Orc after D:15 true
     0 | D:1      | 0 ||| qw: Do second Lair branch before Depths: true
     0 | D:1      | 0 ||| qw: Lair rune preference: random
     0 | D:1      | 0 ||| qw: Plans: Normal
     0 | D:1      | 0 ||| PLANNING D:1-11
   123 | D:1      | 123 ||| Stepping ~*~*~tactically~*~*~ (stealth).
   212 | D:1      | Reached XP level 2. HP: 29/29 MP: 2/2
   376 | D:1      | Reached skill level 4 in Unarmed Combat
   583 | D:1      | 583 ||| Stepping ~*~*~tactically~*~*~ (stealth).
   826 | D:1      | 826 ||| READING scroll labelled CAXIOQ VAPEN.
   827 | D:1      | 827 ||| READING scroll labelled ROALIBLYRI.
   828 | D:1      | 828 ||| READING scroll labelled XITEICZIUGU.
   829 | D:1      | 829 ||| READING 3 scrolls labelled QACUFO JUOVA.
   830 | D:1      | 830 ||| DRINKING 2 lumpy grey potions.
   831 | D:1      | 831 ||| DROPPING potion of flight.
   832 | D:1      | 832 ||| DROPPING 2 scrolls of fog.
   883 | D:2      | Reached XP level 3. HP: 36/36 MP: 3/3
  1053 | D:2      | Found a faded altar of an unknown god.
  1378 | D:2      | 1378 ||| READING scroll labelled ACI HOSSOH.
  1379 | D:2      | 1379 ||| READING scroll labelled NISURGHE DIESU.
  1380 | D:2      | 1380 ||| READING scroll labelled IMIGROAFIDA.
  1383 | D:2      | 1383 ||| DRINKING 2 bubbling emerald potions.
  1428 | D:2      | 1428 ||| DRINKING 3 red potions.
  1429 | D:2      | 1429 ||| DROPPING potion of lignification.
  1464 | D:3      | 1464 ||| INVOKING Fiery Armour.
  1470 | D:3      | Reached skill level 5 in Unarmed Combat
  1470 | D:3      | Reached XP level 4. HP: 26/44 MP: 4/4
  1470 | D:3      | 1470 ||| FLEEEEING.
  1471 | D:3      | 1471 ||| FLEEEEING.
  1472 | D:3      | 1472 ||| FLEEEEING.
  1473 | D:3      | 1473 ||| FLEEEEING.
  1474 | D:3      | 1474 ||| FLEEEEING.
  1475 | D:3      | 1475 ||| FLEEEEING.
  1476 | D:3      | 1476 ||| FLEEEEING.
  1477 | D:3      | 1477 ||| STAIRDANCE
  1565 | D:3      | 1565 ||| Stepping ~*~*~tactically~*~*~ (stealth).
  1572 | D:3      | 1572 ||| Stepping ~*~*~tactically~*~*~ (outnumbered).
  1601 | D:3      | 1601 ||| Stepping ~*~*~tactically~*~*~ (hiding).
  1898 | D:3      | Reached XP level 5. HP: 46/50 MP: 5/5
  1899 | D:3      | 1899 ||| FLEEEEING.
  1903 | D:3      | 1903 ||| FLEEEEING.
  1904 | D:3      | 1904 ||| FLEEEEING.
  1921 | D:3      | Reached skill level 6 in Unarmed Combat
  1938 | D:3      | 1938 ||| Stepping ~*~*~tactically~*~*~ (stealth).
  2079 | D:3      | 2079 ||| Stepping ~*~*~tactically~*~*~ (stealth).
  2089 | D:3      | 2089 ||| Stepping ~*~*~tactically~*~*~ (stealth).
  2091 | D:3      | 2091 ||| Stepping ~*~*~tactically~*~*~ (outnumbered).
  2548 | D:3      | 2548 ||| READING scroll labelled ZOKAPT BUIT.
  2549 | D:3      | 2549 ||| READING scroll labelled VECSIS MUHO.
  2650 | D:3      | 2650 ||| READING scroll labelled JUWKIZUMUCS.
  2651 | D:3      | 2651 ||| READING 3 scrolls of identify.
  2651 | D:3      | 2651 ||| IDENTIFYING emerald potion
  2652 | D:3      | 2652 ||| READING 2 scrolls of identify.
  2652 | D:3      | 2652 ||| IDENTIFYING pink potion
  2653 | D:3      | 2653 ||| DROPPING potion of attraction.
  2696 | D:4      | 2696 ||| STAIRDANCE
  2729 | D:4      | 2729 ||| FLEEEEING.
  2730 | D:4      | 2730 ||| FLEEEEING.
  2731 | D:4      | 2731 ||| FLEEEEING.
  2732 | D:4      | 2732 ||| STAIRDANCE
  2737 | D:3      | 2737 ||| READING scroll labelled BUOHIUNG ESO YGRA.
  2740 | D:4      | 2740 ||| Stepping ~*~*~tactically~*~*~ (outnumbered).
  2742 | D:4      | 2742 ||| Stepping ~*~*~tactically~*~*~ (outnumbered).
  2781 | D:4      | 2781 ||| Stepping ~*~*~tactically~*~*~ (outnumbered).
  2787 | D:4      | 2787 ||| Stepping ~*~*~tactically~*~*~ (outnumbered).
  2795 | D:4      | 2795 ||| Stepping ~*~*~tactically~*~*~ (outnumbered).
  2799 | D:4      | 2799 ||| Stepping ~*~*~tactically~*~*~ (outnumbered).
  2884 | D:4      | Noticed Robin
  2885 | D:4      | 2885 ||| Stepping ~*~*~tactically~*~*~ (hiding).
  2890 | D:4      | 2890 ||| INVOKING Fiery Armour.
  2891 | D:4      | 2891 ||| Stepping ~*~*~tactically~*~*~ (outnumbered).
  2892 | D:4      | 2892 ||| Stepping ~*~*~tactically~*~*~ (outnumbered).
  2895 | D:4      | 2895 ||| Stepping ~*~*~tactically~*~*~ (outnumbered).
  2904 | D:4      | 2904 ||| Stepping ~*~*~tactically~*~*~ (outnumbered).
  2905 | D:4      | 2905 ||| Stepping ~*~*~tactically~*~*~ (outnumbered).
  2906 | D:4      | 2906 ||| Stepping ~*~*~tactically~*~*~ (outnumbered).
  2909 | D:4      | Killed Robin
  2983 | D:4      | 2983 ||| Stepping ~*~*~tactically~*~*~ (hiding).
  2993 | D:4      | Reached XP level 6. HP: 59/59 MP: 6/6
  3067 | D:4      | 3067 ||| FLEEEEING.
  3068 | D:4      | Reached skill level 7 in Unarmed Combat
  3068 | D:4      | 3068 ||| FLEEEEING.
  3102 | D:4      | Found a runed translucent door.
  3134 | D:4      | Found a glowing silver altar of Zin.
  3156 | D:4      | Noticed qw's ghost (amateur TrCA)
  3160 | D:4      | Found a bloodstained altar of Trog.
  3261 | D:4      | 3261 ||| Stepping ~*~*~tactically~*~*~ (stealth).
  3262 | D:4      | 3262 ||| Stepping ~*~*~tactically~*~*~ (stealth).
  3377 | D:4      | 3377 ||| UPGRADING to +1 animal skin.
  3387 | D:4      | 3387 ||| DROPPING +0 robe.
  3388 | D:4      | 3388 ||| DROPPING ring of flight.
  3389 | D:4      | 3389 ||| READING 5 scrolls of identify.
  3389 | D:4      | 3389 ||| IDENTIFYING metallic dark potion
  3390 | D:4      | 3390 ||| DROPPING potion of berserk rage.
  3403 | D:5      | Entered Level 5 of the Dungeon
  3413 | D:5      | 3413 ||| Stepping ~*~*~tactically~*~*~ (hiding).
  3425 | D:5      | 3425 ||| Stepping ~*~*~tactically~*~*~ (outnumbered).
  3427 | D:5      | 3427 ||| Stepping ~*~*~tactically~*~*~ (outnumbered).
  3429 | D:5      | 3429 ||| Stepping ~*~*~tactically~*~*~ (outnumbered).
  3430 | D:5      | 3430 ||| Stepping ~*~*~tactically~*~*~ (outnumbered).
  3433 | D:5      | Reached skill level 8 in Unarmed Combat
  3433 | D:5      | Reached XP level 7. HP: 50/66 MP: 7/7
  3446 | D:5      | Reached skill level 3 in Fighting
  3574 | D:5      | Found a staircase to the Ecumenical Temple.
  3605 | D:5      | Reached skill level 1 in Throwing
  3707 | D:5      | 3707 ||| Stepping ~*~*~tactically~*~*~ (hiding).
  3723 | D:5      | 3723 ||| Stepping ~*~*~tactically~*~*~ (outnumbered).
  4069 | D:5      | Reached skill level 9 in Unarmed Combat
  4070 | D:5      | 4070 ||| READING 5 scrolls of identify.
  4070 | D:5      | 4070 ||| IDENTIFYING glowing puce potion
  4071 | D:5      | 4071 ||| READING 4 scrolls of identify.
  4071 | D:5      | 4071 ||| IDENTIFYING viscous inky potion
  4072 | D:5      | 4072 ||| READING 3 scrolls of identify.
  4072 | D:5      | 4072 ||| IDENTIFYING blue potion
  4073 | D:5      | 4073 ||| DROPPING potion of brilliance.
  4074 | D:5      | 4074 ||| DROPPING potion of invisibility.
  4139 | D:6      | Noticed Sigmund
  4140 | D:6      | 4140 ||| Stepping ~*~*~tactically~*~*~ (stealth).
  4146 | D:6      | Reached skill level 1 in Dodging
  4148 | D:6      | 4148 ||| Stepping ~*~*~tactically~*~*~ (hiding).
  4167 | D:6      | HP: 16/67 [poisoned by Sigmund]
  4169 | D:6      | HP: 1/67 [something (12)]
  4170 | D:6      | 4170 ||| DRINKING 2 potions of curing.
  4170 | D:6      | 4170 ||| (to cure poison)
  4171 | D:6      | 4171 ||| DRINKING potion of curing.
  4171 | D:6      | 4171 ||| (to cure poison)
  4174 | D:6      | HP: 3/67 [poisoned by Sigmund]
  4175 | D:6      | Succumbed to Sigmund's poison

Levels and vault maps discovered:
D:1:      kilobyte_arrival_exit_the_forest, layout_loops_ring
D:2:      layout_rooms, ebering_ecumenical_altar_sacrificial, minmay_liquid_box,
          solitary_fountain, serial_bayou_lagoon_b
D:3:      minmay_general_purpose_star, layout_loops_corners, minmay_surrounded
D:4:      kennysheep_goblin_castle, layout_basic, zin_scriptorium,
          mainiacjoe_overflow_alcove_2, ebering_ghost_reflecting_pool
D:5:      layout_loops_ring, minmay_temple_entry_wispy, serial_park_tiny_1
D:6:      layout_loops_ring, minitemple, uniq_maggie, uniq_sigmund

Skill      XL: |  1  2  3  4  5  6  7 |
---------------+----------------------+-----
Unarmed Combat | 4 5 6 8 9 |  9.0
Fighting       | 3 |  3.0
Throwing       | 1 |  1.4
Dodging        | 1 |  1.2
Spellcasting   | |  1.0
Fire Magic     | |  2.1

Action                   |  1- 3 |  4- 6 |  7- 9 || total
-------------------------+-------+-------+-------++-------
Melee: Unarmed           |   111 |   164 |    67 ||   342
       Punch             |     3 |     3 |       ||     6
Throw: Boomerang         |       |     9 |       ||     9
       Javelin           |       |       |     6 ||     6
Invok: Fiery Armour      |     1 |     1 |       ||     2
  Use: Scroll            |     7 |     7 |     3 ||    17
       Potion            |     3 |       |     2 ||     5
Armor: Robe              |    38 |    57 |       ||    95
       Animal skin       |       |     4 |    20 ||    24
Dodge: Dodged            |    46 |    64 |    18 ||   128

Table legend:
 A = Non-vault XP
 B = Vault XP
 C = Vault XP percentage of total XP
 D = Non-vault monster count
 E = Vault monster count
 F = Vault count percentage of total count
                 A         B        C        D         E       F
            +---------+---------+-------+---------+---------+-------
      Total |    1262 |     106 |   7.7 |     109 |      27 |  19.9
            +---------+---------+-------+---------+---------+-------
        D:1 |      37 |       0 |   0.0 |      22 |       0 |   0.0
        D:2 |      23 |       0 |   0.0 |      14 |       0 |   0.0
        D:3 |     163 |      51 |  23.8 |      33 |       6 |  15.4
        D:4 |     179 |      55 |  23.5 |      18 |      21 |  53.8
        D:5 |     736 |       0 |   0.0 |      19 |       0 |   0.0
        D:6 |     124 |       0 |   0.0 |       3 |       0 |   0.0
            +---------+---------+-------+---------+---------+-------
